AoeStats
← Malcolm Little

Nomad

506493827Analyzed
3v3 RM · 19d ago on Sep 13, 2026· 75m 27s· 6 players
Game mode
Random Map
Map size
210×210
Population
200
Speed
Normal
Resources
Standard
Victory
Conquest
Starting age
Dark Age
Ending age
Imperial Age
RankedLock teamsTeams togetherTeam positionsShared explorationLock speedFull tech treeHidden civsTurbo modeCheats
Victory
Defeat
🇲🇽 Mapuche · Mexico
1511
+11
🇲🇽 Koreans · Mexico
1363
+17
🇦🇷 Italians · Argentina
1347
+18
🇨🇱 Dravidians · Chile
1451
-17
🇩🇴 Persians · Dominican Republic
1400
-16
1329
-13
yinyangwar
10:03 Loom
12:11 Feudal Age
13:06 Double-Bit Axe
16:15 Wheelbarrow
21:34 Castle Age
22:47 Medium Warships
22:45 Town Watch
24:25 Horse Collar
27:55 Bow Saw
36:44 Sanctity
40:32 Imperial Age
38:56 Hand Cart
38:43 Heavy Plow
38:40 Elite Skirmisher
40:23 Fletching
40:34 Padded Archer Armor
41:16 Thumb Ring
41:23 Bodkin Arrow
41:31 Husbandry
40:52 Light Cavalry
42:17 Ballistics
42:47 Bracer
45:27 Chemistry
46:04 Leather Archer Armor
49:11 Forging
49:07 Scale Barding Armor
50:48 Ring Archer Armor
50:53 Iron Casting
52:03 Chain Barding Armor
52:10 Squires
51:55 Gambesons
51:31 Man-at-Arms
54:35 Long Swordsman
55:59 Long Swordsman
56:41 Scale Mail Armor
57:43 Chain Mail Armor
57:16 Two-Handed Swordsman
60:18 Pikeman
63:18 Champion
65:17 Plate Mail Armor
68:56 Elite Elephant Archer
Malcolm Little
5:27 Loom
12:07 Feudal Age
17:47 Castle Age
16:43 Town Watch
17:36 Forging
17:53 Scale Barding Armor
50:40 Double-Bit Axe
50:37 Horse Collar
52:49 Wheelbarrow
74:01 Bow Saw
74:15 Elite Skirmisher
75:01 Thumb Ring
74:48 Fletching
74:58 Padded Archer Armor
[zWq]Ferdinand Von Lindemann
11:30 Loom
13:45 Feudal Age
15:22 Horse Collar
17:52 Castle Age
16:17 Fletching
17:50 Double-Bit Axe
17:54 Crossbowman
19:05 Bow Saw
21:40 Heavy Plow
31:42 Wheelbarrow
36:02 Bodkin Arrow
37:30 Hand Cart
38:29 Sanctity
44:07 Imperial Age
42:46 Padded Archer Armor
43:34 Fervor
45:44 Chemistry
44:51 Bracer
44:13 Arbalester
45:25 Pikeman
46:16 Forging
47:37 Iron Casting
47:41 Padded Archer Armor
47:07 Halberdier
47:49 Squires
48:25 Masonry
51:40 Scale Mail Armor
53:09 Leather Archer Armor
53:19 Ballistics
55:58 Blast Furnace
55:49 Ring Archer Armor
58:02 Coinage
57:43 Guilds
58:36 Chain Mail Armor
65:36 Murder Holes
66:11 Architecture
65:47 Siege Engineers
67:24 Atonement
70:21 Plate Mail Armor
73:44 Elite Skirmisher
[ KOF ] M. Kowalski
5:06 Loom
12:18 Feudal Age
16:16 Castle Age
16:20 Stone Mining
16:23 Town Watch
27:17 Double-Bit Axe
30:23 Bow Saw
33:25 Wheelbarrow
33:56 Fletching
37:04 Bodkin Arrow
44:29 Imperial Age
44:35 Ballistics
44:26 Masonry
44:38 Murder Holes
49:18 Bracer
51:57 Crossbowman
60:06 Arbalester
61:01 Thumb Ring
62:38 Hand Cart
67:16 Two-Man Saw
65:59 Horse Collar
66:10 Gold Mining
VX | Anubis
4:06 Loom
13:36 Feudal Age
17:30 Castle Age
16:20 Double-Bit Axe
17:18 Town Watch
30:16 Fletching
33:54 Horse Collar
34:24 Bow Saw
34:37 Devotion
36:59 Bodkin Arrow
43:40 Imperial Age
42:19 Wheelbarrow
44:50 Conscription
44:41 Forging
46:22 Iron Casting
48:14 Blast Furnace
47:14 Padded Archer Armor
46:45 Elite Skirmisher
49:02 Malon
50:20 Leather Archer Armor
50:33 Ballistics
51:13 Chemistry
53:17 Hand Cart
58:22 Heavy Plow
58:14 Gold Mining
58:14 Stone Mining
61:37 Ring Archer Armor
63:53 Butalmapu
64:57 Masonry
64:52 Siege Engineers
65:10 Crossbowman
66:32 Pikeman
66:33 Champi Runner
66:58 Arson
68:51 Elite Kona
72:32 Coinage
72:21 Champi Warrior
73:02 Scale Mail Armor
74:04 Elite Champi Warrior
74:19 Sappers
KOF Itachi
4:22 Loom
13:16 Feudal Age
15:10 Fletching
15:08 Double-Bit Axe
21:29 Castle Age
22:08 Bodkin Arrow
22:29 Medium Warships
32:34 Town Watch
34:51 Wheelbarrow
39:48 Imperial Age
39:16 Murder Holes
39:01 Treadmill Crane
39:32 Masonry
40:17 Scale Mail Armor
40:28 Forging
41:06 Conscription
41:59 Chain Mail Armor
42:39 Squires
42:25 Gambesons
42:27 Arson
42:39 Elite Fire Lancer
47:27 Thumb Ring
47:30 Elite Skirmisher
51:19 Chemistry
50:39 Ballistics
71:24 Plate Mail Armor
71:44 Pikeman
72:51 Gold Mining
Connection lost

Rejoining the realm…

Still unreachable

The connection could not be restored.

Session expired

The server has moved on; the page needs a fresh start.